 Dungeon Crawl Stone Soup version 0.28.0-53-g5a82cb258f (webtiles) character file.

Game seed: 4246539520098003889

613 oatmilk the Digger (level 7, -6/37 HPs)
             Began as a Gargoyle Earth Elementalist on June 14, 2022.
             Was an Initiate of Nemelex Xobeh.
             Mangled by a fire elemental (12 damage)
             ... created by the adversity of Qazlal
             ... on level 5 of the Dungeon.
             The game lasted 00:46:03 (5271 turns).

oatmilk the Digger (Gargoyle Earth Elementalist)    Turns: 5271, Time: 00:46:04

Health: -6/37      AC:  8    Str: 12    XL:     7   Next: 44%
Magic:  13/13      EV: 12    Int: 17    God:    Nemelex Xobeh [......]
Gold:   270        SH:  0    Dex: 10    Spells: 11/15 levels left

rFire   . . .      SeeInvis .   a - +2 mace
rCold   . . .      Faith    .   (no shield)
rNeg    + . .      Spirit   .   i - +1 robe
rPois   ∞          Reflect  .   (no helmet)
rElec   +          Harm     .   (no cloak)
rCorr   .          Rampage  .   (no gloves)
Will    .....                   g - +0 pair of boots
Stlth   ++........              (no amulet)
HPRegen 0.12/turn               h - ring of poison resistance
MPRegen 0.13/turn               (no ring)

@: no status effects
A: sickness immunity, AC +4, negative energy resistance 1, electricity
resistance, torment resistance 1, petrification resistance
a: Renounce Religion, Draw Escape, Draw Destruction, Draw Summoning


You were on level 5 of the Dungeon.
You worshipped Nemelex Xobeh.
Nemelex Xobeh was noncommittal.
You visited 2 branches of the dungeon, and saw 6 of its levels.

You collected 270 gold pieces.

Inventory:

Hand Weapons
 a - a +2 mace (weapon)
 D - a +0 whip
Missiles
 b - 2 silver boomerangs (quivered)
 c - 72 stones
Armour
 g - a +0 pair of boots (worn)
 i - a +1 robe (worn)
Jewellery
 h - a ring of poison resistance (left hand)
 p - a ring of fire
Scrolls
 j - 3 scrolls of teleportation
 k - a scroll of amnesia
 l - a scroll of fog {unknown}
 s - a scroll of vulnerability {unknown}
 u - a scroll of identify {unknown}
 x - a scroll of immolation
 y - a scroll of blinking {unknown}
 z - a scroll of acquirement {unknown}
Potions
 d - 2 potions of ambrosia
 e - a potion of lignification {unknown}
 f - a potion of berserk rage {unknown}
 m - a potion of curing
 q - 2 potions of attraction
 t - a potion of heal wounds {unknown}
 w - a potion of flight {unknown}
 A - a potion of cancellation {unknown}
 B - a potion of resistance {unknown}
 C - a potion of degeneration {unknown}


   Skills:
 + Level 0.7 Fighting
 + Level 1.5 Maces & Flails
 + Level 1.0 Throwing
 + Level 2.0 Dodging
 + Level 2.5 Stealth
 + Level 0.3 Shields
 + Level 0.1 Unarmed Combat
 + Level 4.6 Spellcasting
 + Level 0.7 Transmutations
 + Level 7.2 Earth Magic
 + Level 0.2 Invocations


You had 11 spell levels left.
You knew the following spells:

 Your Spells              Type           Power      Damage    Failure   Level
a - Sandblast             Erth           56%        2d13      1%          1
b - Stone Arrow           Conj/Erth      32%        3d9       10%         3

Your spell library contained the following spells:

 Spells                   Type           Power      Damage    Failure   Level
 Passwall                 Tmut/Erth      14%        N/A       4%          2
 Petrify                  Tmut/Erth      17%        N/A       28%         4
 Freezing Cloud           Conj/Ice/Air   2%         6-21      99%         5
 Simulacrum               Ice/Necr       1%         N/A       100%        6
 Polar Vortex             Ice            1%         N/A       100%        9


Dungeon Overview and Level Annotations

Branches:
Dungeon (5/15)             Temple (1/1) D:4

Altars:
Ashenzari
Cheibriados
Dithmenos
Gozag
Hepliaklqana
Kikubaaqudgha
Makhleb
Nemelex Xobeh
Qazlal
Ru
Sif Muna
Trog
Uskayaw
Wu Jian
Yredelemnul
Zin

Annotations:
D:5 2 transporters, wreck's ghost, amateur DsAK


Innate Abilities, Weirdness & Mutations

You are immune to sickness and miasma.
Your stone body is resilient. (AC +4)
You are immune to poison.
You resist negative energy. (rN+)
You are resistant to electric shocks. (rElec)
You are resistant to unholy torment.
You are immune to petrification.


Message History

The orc closely misses you.
The orc priest calls upon Beogh to heal the orc.
The orc is healed somewhat.
The orc closely misses you.
You hit the orc but do no damage. The orc hits you but does no damage.
The orc priest closely misses you.
You sock the orc!
You kill the orc!
The orc priest hits you but does no damage.
Throw: 2 boomerangs (silver)
Press: ? - help, Q - select action, (/) - cycle Shift-Dir - straight line, f/p - orc priest
Aim: an orc priest, wielding a +0 mace and wearing a +0 ring mail (heavily wounded, 58% to hit)
You throw a silver boomerang.
The silver boomerang hits the orc priest.
You kill the orc priest!
Things that are here:
a +0 dagger; a +0 leather armour; an orc corpse
Things that are here:
a +0 mace; a +0 ring mail
Things that are here:
a +0 dagger; a +0 leather armour; an orc corpse
Items here: )) [ †.
Okay, then.
You start resting.
Qazlal incites the elements against you!
A fire elemental and a fire crab come into view.
Hit: a) +2 mace
Press: ? - help, Dir - move target, f - fire crab
Aim: a fire crab (durably summoned, about 26% to evade your +2 mace)
Okay, then.
Press: ? - help, v - describe, . - travel, g - get item
Here: a fire elemental (durably summoned)
Items here: a +0 dagger; a +0 leather armour; an orc corpse.
The floor, spattered with blood.
The fire crab breathes flames at you.
The blast of flame engulfs you but does no damage.
You are engulfed in blazing flames.
* * * LOW HITPOINT WARNING * * *
The fire elemental hits you. The fire elemental burns you!
You die...
Your body disappears without a glow.

.#####.#+#...#+#.#####.#+# #+##
.#.#.)...#...#.....#.....# #..#
.>.'[....##+##.....'.....##+###.#
####.....#.! #.....#..†..#.......
####.#+#.. #+#.#####.#+#.....†.
###..'.#..... #.'...+.# #.#.....
.....#####...#####t).### #......#
.........+...o.#.E..)).####.....#
..#......#####.#@#...#+#.........
###........#.....#°..#...........
####.......+.....##+##.........)#
...........#.....#.............##
###.###.######.#'#.............##
#..##.#....'.#...............#
##.........###...............#
####...#### #...............#
##)## #.#..........#..#y


You could see a fire crab and a fire elemental.

Vanquished Creatures
  A water moccasin (D:5)
  Pargi (D:3)
  A centaur (D:5)
  A water moccasin zombie (D:5)
  A jelly (D:5)
  An orc priest (D:5)
  A bullfrog skeleton (D:5)
  A hound (D:2)
  An iguana (D:5)
  7 adders
  An adder skeleton (D:4)
  3 dart slugs
  4 orcs
  4 bats
  7 endoplasms
  3 giant cockroaches
  5 goblins
  6 hobgoblins
  5 jackals
  5 kobolds
  4 quokkas
  2 ball pythons
  A frilled lizard (D:2)
  A quokka skeleton (D:4)
  7 rats
74 creatures vanquished.

Notes
Turn   | Place    | Note
-------+----------+-------------------------------------------
     0 | D:1      | oatmilk the Gargoyle Earth Elementalist began the quest for
                  | the Orb.
     0 | D:1      | Reached XP level 1. HP: 10/10 MP: 3/3
   180 | D:1      | Found a faded altar of an unknown god.
   195 | D:1      | Prayed at the altar of an unknown god.
   195 | D:1      | Became a worshipper of Qazlal Stormbringer
   195 | D:1      | Reached * piety under Qazlal
   317 | D:1      | Reached skill level 4 in Earth Magic
   319 | D:1      | Reached XP level 2. HP: 15/15 MP: 0/5
  1100 | D:2      | Reached XP level 3. HP: 19/19 MP: 3/6
  1104 | D:2      | Learned a level 3 spell: Stone Arrow
  1692 | D:2      | Reached ** piety under Qazlal
  1778 | D:2      | Reached XP level 4. HP: 19/24 MP: 4/8
  1863 | D:2      | Reached skill level 5 in Earth Magic
  2610 | D:3      | Noticed Pargi
  2617 | D:3      | Killed Pargi
  2618 | D:3      | Reached XP level 5. HP: 28/28 MP: 4/10
  3572 | D:4      | Reached skill level 1 in Maces & Flails
  3572 | D:4      | Reached XP level 6. HP: 31/32 MP: 5/11
  3624 | D:4      | Found a staircase to the Ecumenical Temple.
  4203 | Temple   | Entered the Ecumenical Temple
  4475 | Temple   | Fell from the grace of Qazlal
  4475 | Temple   | Became a worshipper of Nemelex Xobeh the Trickster
  4520 | D:5      | Entered Level 5 of the Dungeon
  4560 | D:5      | Reached skill level 6 in Earth Magic
  4576 | D:5      | Found a transporter.
  4579 | D:5      | Found a transporter.
  4581 | D:5      | Noticed wreck's ghost (amateur DsAK)
  4671 | D:5      | Noticed a water moccasin
  4682 | D:5      | Killed a water moccasin
  4683 | D:5      | Reached skill level 1 in Throwing
  4724 | D:5      | Reached XP level 7. HP: 37/37 MP: 10/13
  4889 | D:5      | Reached skill level 7 in Earth Magic
  5267 | D:5      | Noticed a fire elemental
  5267 | D:5      | Noticed a fire crab
  5271 | D:5      | Mangled by a fire elemental

Illustrated notes

Levels and vault maps discovered:
D:1:      psy_arrival_basics, layout_loops_ring,
          chequers_ecumenical_altar_simple, minmay_crystal_room,
          hangedman_decor_slide_cut, amethyst_killhole
D:2:      layout_loops_ring, grunt_ministairs_4, chequers_serial_rivers_room_b
D:3:      layout_basic, uniq_pargi
D:4:      layout_cave_pools, temple_fountains
D:5:      nicolae_cairo_tiling_large, layout_rooms, gammafunk_ghost_hive
Temple:   nicolae_temple_elliptical

Skill      XL: |  1  2  3  4  5  6  7 |
---------------+----------------------+-----
Earth Magic    | 4 5 6 7 |  7.2
Spellcasting   | 3 4 |  4.6
Maces & Flails | 1 |  1.5
Throwing       | 1 |  1.0
Dodging        | 2 |  2.0
Fighting       | |  0.7
Stealth        | |  2.5
Shields        | |  0.3
Unarmed Combat | |  0.1
Transmutations | |  0.7
Invocations    | |  0.2

Action                   |  1- 3 |  4- 6 |  7- 9 || total
-------------------------+-------+-------+-------++-------
Melee: Unarmed           |    10 |       |       ||    10
       Dagger            |    14 |       |       ||    14
       Club              |     6 |       |       ||     6
       Mace              |    12 |    38 |    15 ||    65
       Punch             |       |     1 |       ||     1
Throw: Boomerang         |     3 |    20 |     7 ||    30
 Cast: Sandblast         |    37 |    52 |     9 ||    98
       Stone Arrow       |       |     1 |       ||     1
Invok: Upheaval          |       |     1 |       ||     1
  Use: Scroll            |     5 |     1 |     3 ||     9
       Potion            |       |     3 |       ||     3
Armor: Robe              |    19 |    23 |     9 ||    51
Dodge: Dodged            |    38 |    53 |    20 ||   111
Block: Other             |     1 |     5 |       ||     6
